 Dungeon Crawl Stone Soup version 0.30-a0-1157-g2cc9ac7196 (webtiles) character file.

Game seed: 8851166788411774177

15 retardedninja the Firebug (level 2, -1/20 HPs)
             Began as a Gnoll Fire Elementalist on Apr 24, 2023.
             Slain by an endoplasm (3 damage)
             ... on level 1 of the Dungeon.
             The game lasted 00:00:27 (506 turns).

retardedninja the Firebug (Gnoll Fire Elementalist)  Turns: 506, Time: 00:00:28

Health: -1/20      AC:  2    Str:  7    XL:     2   Next: 50%
Magic:  3/7        EV: 13    Int: 14    God:
Gold:   22         SH:  0    Dex: 12    Spells: 9/10 levels left

rFire   . . .        (no weapon)
rCold   . . .        (no shield)
rNeg    . . .        a - +0 robe
rPois   .            (no helmet)
rElec   .            (no cloak)
rCorr   .            (no gloves)
SInv    .            (no boots)
Will    .....        (no amulet)
Stlth   ++           (no ring)
HPRegen 0.23/turn    (no ring)
MPRegen 0.10/turn

%: no passive effects
@: no status effects
A: fangs 1, strong nose, distributed training
a: no special abilities


You were on level 1 of the Dungeon.
You visited 1 branch of the dungeon, and saw 1 of its levels.

You collected 22 gold pieces.

Inventory:

Armour
 a - a +0 robe (worn)
Jewellery
 c - a +5 ring of evasion
Scrolls
 e - a scroll of identify {unknown}
Potions
 b - a potion of magic
 d - a potion of haste {unknown}


   Skills:
 + Level 0.5 Fighting
 + Level 0.5 Short Blades
 + Level 0.5 Long Blades
 + Level 0.5 Axes
 + Level 0.5 Maces & Flails
 + Level 0.5 Polearms
 + Level 0.5 Staves
 + Level 0.5 Ranged Weapons
 + Level 0.5 Throwing
 + Level 0.5 Armour
 + Level 4.5 Dodging
 + Level 4.1 Stealth
 + Level 0.5 Shields
 + Level 0.5 Unarmed Combat
 + Level 4.9 Spellcasting
 + Level 2.0 Conjurations
 + Level 0.3 Hexes
 + Level 0.3 Summonings
 + Level 0.3 Necromancy
 + Level 0.3 Translocations
 + Level 0.3 Transmutations
 + Level 5.3 Fire Magic
 + Level 0.3 Ice Magic
 + Level 0.3 Air Magic
 + Level 0.3 Earth Magic
 + Level 0.3 Poison Magic
 + Level 0.6 Invocations
 + Level 0.5 Evocations


You had 9 spell levels left.
You knew the following spells:

 Your Spells              Type           Power      Damage    Failure   Level
a - Foxfire               Conj/Fire      52%        2x1d6     3%          1

Your spell library contained the following spells:

 Spells                   Type           Power      Damage    Failure   Level
 Scorch                   Fire           36%        2d6       3%          2
 Inner Flame              Hex/Fire       11%        N/A       16%         3
 Volatile Blastmotes      Fire/Tloc      22%        2d11      16%         3
 Flame Wave               Conj/Fire      13%        2d6       36%         4


Dungeon Overview and Level Annotations

Branches:
Dungeon (1/15)

Altars:


Innate Abilities, Weirdness & Mutations

You have very sharp teeth.
Your uncanny sense of smell can sniff out nearby items.
Your experience applies equally to all skills.


Message History

You conjure some foxfire!
The jackal bites you.
You conjure some foxfire!
The foxfire hits the jackal.
The jackal is severely wounded.
The foxfire hits the jackal.
You kill the jackal!
The jackal misses you. The jackal misses you. The jackal barely misses you.
The jackal bites you.
The endoplasm jiggles.
The jackal bites you but does no damage.
The jackal closely misses you.
There is not enough space to conjure foxfire!
There is not enough space to conjure foxfire!
The jackal misses you. The jackal closely misses you.
The endoplasm freezes you.
You are frozen.
The jackal bites you but does no damage. x2
Your foxfire dissipates!
The jackal attacks as you move away! The jackal misses you.
The foxfire hits the jackal.
The jackal is almost dead.
The jackal bites you. The jackal barely misses you.
The jackal barely misses you. The jackal attacks as you move away!
The jackal misses you. The jackal closely misses you. x2
The jackal bites you but does no damage.
The jackal closely misses you. The jackal bites you.
The jackal bites you but does no damage.
The jackal misses you. The jackal closely misses you. The jackal bites you.
The endoplasm freezes you.
You are frozen.
* * * LOW HITPOINT WARNING * * *
You are too injured to fight recklessly!
You are too injured to fight recklessly!
The jackal bites you.
* * * LOW HITPOINT WARNING * * *
The jackal bites you.
* * * LOW HITPOINT WARNING * * *
The endoplasm hits you.
You die...

..###.. ###>...)..
#...)#
#####.#..........
#...#.#..###....
#...#.##........
#.....#####.....
#...Jhh...#....
#....@........#
#.............####
#.............'†.#####
#.............##......
#.............##......
#............###......
#.........#### #......
#.........# #......
##''......# #......


You could see an endoplasm and 2 jackals.

Vanquished Creatures
  A dart slug (D:1)
  2 ball pythons (D:1)
  3 goblins (D:1)
  A jackal (D:1)
  2 kobolds (D:1)
  A bat (D:1)
  2 rats (D:1)
12 creatures vanquished.

Vanquished Creatures (others)
  53 foxfires (D:1)
53 creatures vanquished.

Grand Total: 65 creatures vanquished

Notes
Turn   | Place    | Note
-------+----------+-------------------------------------------
     0 | D:1      | retardedninja the Gnoll Fire Elementalist began the quest
                  | for the Orb.
     0 | D:1      | Reached XP level 1. HP: 13/13 MP: 6/6
   168 | D:1      | Reached XP level 2. HP: 19/19 MP: 4/7
   506 | D:1      | Slain by an endoplasm

Illustrated notes

Levels and vault maps discovered:
D:1:      reono_arrival_mine, layout_basic

Skill      XL: |  1 |
---------------+----+-----
Conjurations   | 2 |  2.0
Fighting       | |  0.5
Short Blades   | |  0.5
Long Blades    | |  0.5
Axes           | |  0.5
Maces & Flails | |  0.5
Polearms       | |  0.5
Staves         | |  0.5
Ranged Weapons | |  0.5
Throwing       | |  0.5
Armour         | |  0.5
Dodging        | |  4.5
Stealth        | |  4.1
Shields        | |  0.5
Unarmed Combat | |  0.5
Spellcasting   | |  4.9
Hexes          | |  0.3
Summonings     | |  0.3
Necromancy     | |  0.3
Translocations | |  0.3
Transmutations | |  0.3
Fire Magic     | |  5.3
Ice Magic      | |  0.3
Air Magic      | |  0.3
Earth Magic    | |  0.3
Poison Magic   | |  0.3
Invocations    | |  0.6
Evocations     | |  0.5

Action                     || total
---------------------------++-------
  Melee: Unarmed           ||     1
   Cast: Foxfire           ||    33
 Armour: Robe              ||     6
  Dodge: Dodged            ||    21

Table legend: (Time is in decaauts)
 A = Elapsed time spent in this place.
 B = Non-inter-level travel time spent in this place.
 C = Inter-level travel time spent in this place.
 D = Time resting spent in this place.
 E = Time spent auto-exploring this place.
 F = Levels seen in this place.
 G = Mean time per level.
                   A        B        C        D        E       F      G
               +--------+--------+--------+--------+--------+-----+--------+
         Total |    506 |    506 |      0 |      0 |    401 |   1 |  506.0 |
       Dungeon |    506 |    506 |      0 |      0 |    401 |   1 |  506.0 |
               +--------+--------+--------+--------+--------+-----+--------+

Top non-repeatable levels by time:
     D:1: 506 daAuts
